Map: [ESL] NeoHumanity

Players

HeroMarine - Winner!

  • Race: Terran Terran

Maru

  • Race: Terran Terran

Event: IEM Katowice 2023

VOD

Have the link to the VOD?

Description

Time

  • Played on: Feb. 9, 2023, 12:36 p.m.
  • Length: 12:48

All games in this series

Show
View Real Time Build Order
Export as new Build Order

HeroMarine Terran - Winner!

Build Orders:  

Get SALT Encoding   

  12  0:00  SCV  
  13  0:12  SCV  
  14  0:16  Supply Depot  
  14  0:24  SCV  
  15  0:38  Barracks, SCV  
  16  0:43  Refinery  
  16  0:50  SCV  
  16  0:52  Refinery  
  17  1:02  SCV  
  18  1:14  SCV  
  19  1:25  Reaper  
  20  1:26  Orbital Command, Supply Depot  
  20  1:42  Factory  
  20  1:52  SCV  
  21  1:57  Barracks Reactor  
  21  2:04  SCV  
  22  2:15  Command Center  
  22  2:17  SCV  
  23  2:25  Hellion  
  23  2:29  SCV  
  26  2:34  Reaper x2  
  28  2:38  Supply Depot  
  28  2:41  SCV  
  29  2:47  Widow Mine  
  31  2:55  Starport  
  31  2:59  SCV  
  32  3:06  Marine x2  
  32  3:09  Factory Tech Lab  
  32  3:11  SCV  
  35  3:20  Refinery  
  35  3:24  SCV  
  36  3:27  Orbital Command  
  36  3:29  Cyclone  
  36  3:31  Starport Tech Lab  
  39  3:34  Marine  
  39  3:35  Marine  
  39  3:39  SCV  
  42  3:45  Refinery  
  42  3:50  Raven  
  42  3:52  Marine  
  42  3:53  Marine  
  46  3:58  Supply Depot  
  46  4:02  Siege Tank  
  49  4:09  Factory  
  49  4:14  Marine  
  47  4:18  Marine  
  47  4:22  SCV x2  
  45  4:26  Raven  
  47  4:36  Siege Tank  
  50  4:40  Marine x2  
  50  4:41  SCV x2  
  54  4:54  Supply Depot  
  57  5:07  Siege Tank, Viking x2  
  57  5:12  Supply Depot  
  61  5:16  Siege Tank  
  64  5:23  Marine  
  65  5:36  Supply Depot  
  65  5:37  Viking  
  65  5:39  Siege Tank, Viking  
  72  5:44  SCV x2  
  72  5:48  Marine  
  75  5:53  Siege Tank  
  78  6:01  SCV  
  78  6:02  SCV  
  80  6:07  Viking  
  80  6:09  Viking  
  84  6:16  Supply Depot  
  84  6:37  Siege Tank  
  84  6:39  SCV x2  
  82  6:44  Siege Tank  
  79  6:51  SCV  
  79  6:52  SCV  
  77  6:55  Viking  
  79  7:09  SCV x2  
  79  7:12  Siege Tank  
  79  7:14  Viking  
  84  7:24  SCV  
  84  7:25  SCV  
  83  7:31  Viking  
  83  7:36  SCV  
  86  7:37  SCV  
  86  7:42  Siege Tank  
  86  7:46  Viking  
  88  8:01  Viking  
  88  8:03  SCV  
  88  8:04  SCV  
  87  8:11  Siege Tank  
  85  8:16  Viking  
  85  8:17  SCV x2  
  88  8:26  Siege Tank  
  85  8:29  Supply Depot  
  85  8:31  Viking  
  84  8:46  Viking  
  84  8:49  Siege Tank  
  87  8:58  Siege Tank  
  87  9:01  Viking  
  94  9:03  Supply Depot  
  94  9:09  Command Center  
  92  9:16  SCV x2, Viking  
  96  9:28  SCV  
  96  9:29  SCV  
  96  9:30  Liberator  
  101  9:42  SCV x2, Supply Depot  
  103  9:46  Viking  
  103  9:49  Siege Tank  
  108  9:54  SCV x2  
  110  10:06  SCV x2  
  108  10:13  Viking  
  109  10:16  Liberator  
  109  10:18  SCV  
  109  10:19  SCV  
  91  10:26  Siege Tank  
  93  10:39  SCV x2  
  93  10:43  Viking  
  95  10:50  SCV  
  95  10:51  SCV  
  95  10:52  Orbital Command  
  94  10:59  Viking  
  94  11:03  SCV x2  
  98  11:13  Viking  
  98  11:18  SCV x2  
  97  11:30  SCV  
  97  11:31  SCV  
  99  11:33  SCV  
  83  11:53  SCV x2  
  80  12:03  SCV  
  80  12:05  SCV  
  77  12:09  Siege Tank  
  77  12:15  Orbital Command, SCV  
  79  12:17  SCV  
  81  12:28  SCV  
  81  12:29  SCV  
Show
View Real Time Build Order
Export as new Build Order

Maru Terran 

Build Orders:  

Get SALT Encoding   

  12  0:00  SCV  
  13  0:12  SCV  
  14  0:17  Supply Depot  
  14  0:25  SCV  
  15  0:38  SCV  
  15  0:39  Barracks  
  16  0:42  Refinery  
  16  0:50  SCV  
  16  0:53  Refinery  
  17  1:03  SCV  
  18  1:15  SCV  
  19  1:27  Orbital Command, Reaper  
  19  1:30  Supply Depot  
  20  1:41  Factory  
  20  1:52  SCV  
  21  1:59  Reaper  
  22  2:04  SCV  
  23  2:16  SCV  
  23  2:21  Command Center  
  24  2:28  SCV, Hellion  
  27  2:32  Barracks Reactor  
  27  2:41  Starport  
  27  2:42  SCV  
  28  2:49  Supply Depot  
  28  2:51  Factory Tech Lab  
  28  2:54  SCV  
  29  3:08  Marine x2  
  29  3:10  SCV  
  29  3:12  Siege Tank  
  35  3:19  Medivac  
  37  3:22  SCV  
  37  3:26  Marine  
  39  3:32  Marine  
  39  3:33  Orbital Command  
  40  3:35  SCV  
  41  3:44  Cyclone  
  41  3:47  SCV  
  45  3:48  Refinery  
  45  3:51  Supply Depot  
  45  3:52  Starport Tech Lab  
  45  3:56  Marine x2  
  45  3:59  SCV  
  45  4:00  SCV  
  49  4:11  SCV  
  49  4:12  SCV  
  48  4:23  SCV  
  44  4:24  SCV  
  44  4:27  Siege Tank  
  44  4:28  Raven  
  50  4:35  SCV  
  50  4:37  Command Center, SCV  
  52  4:44  Marine x2  
  54  4:47  SCV, Supply Depot  
  54  4:49  SCV  
  56  4:59  Siege Tank  
  60  5:00  SCV  
  60  5:01  SCV  
  60  5:06  Raven  
  62  5:10  Supply Depot  
  62  5:11  Marine x2  
  62  5:12  SCV  
  62  5:13  SCV  
  66  5:15  Refinery  
  66  5:24  Barracks x2, SCV  
  66  5:25  SCV  
  68  5:35  Siege Tank  
  71  5:36  SCV  
  71  5:39  SCV  
  73  5:46  Marine x2  
  73  5:47  Raven  
  73  5:48  SCV  
  78  5:51  Engineering Bay, SCV  
  78  5:52  Orbital Command  
  78  5:54  Engineering Bay  
  79  6:01  SCV  
  79  6:03  Marine  
  81  6:04  SCV  
  81  6:10  Siege Tank  
  85  6:12  Marine  
  85  6:13  Marine, SCV  
  85  6:16  SCV  
  89  6:19  Supply Depot  
  89  6:23  SCV  
  89  6:25  SCV  
  90  6:29  SCV  
  90  6:30  Marine  
  92  6:35  SCV  
  92  6:37  Barracks Reactor  
  92  6:38  Supply Depot  
  93  6:40  Marine  
  93  6:41  Viking x2  
  93  6:44  Siege Tank  
  93  6:46  SCV  
  95  6:51  SCV x2  
  95  6:52  Marine  
  82  6:58  Marine, SCV  
  83  7:04  SCV  
  80  7:10  Marine, Liberator  
  80  7:11  Viking  
  80  7:13  Orbital Command  
  76  7:16  Marine, Siege Tank  
  76  7:19  SCV  
  76  7:22  Marine x2  
  81  7:28  Marine  
  79  7:34  Marine  
  79  7:40  Marine x2  
  79  7:43  SCV  
  80  7:46  Marine  
  80  7:47  SCV  
  80  7:48  Siege Tank, SCV  
  82  7:55  Barracks  
  82  7:57  Barracks  
  76  8:19  SCV  
  69  8:30  SCV x2  
  69  8:32  Supply Depot  
  69  8:33  Barracks Tech Lab, SCV, Supply Depot  
  69  8:34  Supply Depot  
  69  8:35  Supply Depot  
  69  8:36  Siege Tank  
  68  8:42  SCV  
  68  8:43  Supply Depot  
  68  8:44  Barracks Tech Lab  
  69  8:54  SCV x2  
  72  8:56  Marine x2  
  72  9:02  Orbital Command, Barracks x2  
  74  9:03  Refinery  
  74  9:04  Refinery  
  74  9:05  Marine  
  74  9:06  SCV x2  
  74  9:08  Siege Tank  
  79  9:18  SCV  
  79  9:19  Marine  
  79  9:23  Marine  
  81  9:26  Orbital Command  
  81  9:30  Viking, SCV  
  81  9:32  SCV  
  81  9:37  Marine  
  82  9:41  Marine  
  83  9:54  Marine x2, Orbital Command  
  83  9:59  Marine  
  84  10:00  SCV x2  
  84  10:09  Medivac  
  84  10:12  Marine x2, SCV  
  85  10:17  Marine  
  82  10:24  SCV  
  82  10:26  Marine  
  84  10:30  Marine x2  
  84  10:34  Marine  
  87  10:36  SCV  
  87  10:37  Engineering Bay x2  
  85  10:44  Marine  
  85  10:47  Marine  
  85  10:48  Marine, SCV  
  79  10:52  Siege Tank, Medivac, Marine  
  78  11:02  Marine  
  78  11:05  Marine x2  
  78  11:10  Marine  
  73  11:20  Marine  
  73  11:23  Marine x2  
  73  11:24  Siege Tank  
  79  11:29  Medivac  
  75  11:38  Marine  
  75  11:39  Orbital Command  
  75  11:41  Marine x2  
  60  12:02  Marine  
  60  12:03  Marine x2  
  60  12:04  SCV  
  41  12:24  Marine x2, SCV  
  39  12:31  Command Center  

Tags
 
Add a new tag
Caveats
  • Supply blocks, unpowered buildings, or Contaminate may cause inaccurate times.
  • Supply counts are checked every 10 seconds.